 Dungeon Crawl Stone Soup version 0.32-a0-699-g1ee5eff69a (webtiles) character file.

Game seed: 6877444730083296311

2 Esekla the Sneak (level 1, 0/16 HPs)
             Began as an Octopode Delver on Mar 13, 2024.
             Slain by a quokka (3 damage)
             ... on level 5 of the Dungeon.
             The game lasted 00:01:52 (172 turns).

Esekla the Sneak (Octopode Delver)                   Turns: 172, Time: 00:01:53

Health: 0/16       AC:  1    Str: 11    XL:     1   Next: 40%
Magic:  1/1        EV: 12    Int: 12    God:
Gold:   17         SH:  0    Dex: 13    Spells: 0/0 levels left

rFire   . . .        a - +0 falchion
rCold   . . .        (no shield)
rNeg    . . .        (helmet restricted)
rPois   .            (no amulet)
rElec   .            (no ring)
rCorr   .            (no ring)
SInv    .            (no ring)
Will    .....        (no ring)
Stlth   ++++         (no ring)
HPRegen 0.22/turn    (no ring)
MPRegen 0.07/turn    (no ring)
                     (no ring)

%: no passive effects
@: no status effects
A: almost no armour, amphibious, 8 rings, camouflage 1, gelatinous body 1,
(nimble swimmer 1), tentacles
a: no special abilities


You were on level 5 of the Dungeon.
You visited 2 branches of the dungeon, and saw 2 of its levels.

You collected 17 gold pieces.

Inventory:

Hand Weapons
 a - a +0 falchion (weapon)
Jewellery
 g - an amulet of regeneration
Wands
 d - a wand of polymorph (8)
 f - a wand of digging (3)
Scrolls
 b - a scroll of fog
 c - a scroll of vulnerability {unknown}
Potions
 e - a potion of haste


   Skills:
 * Level 3.0 Fighting
 + Level 2.0 Long Blades
 * Level 2.0 Dodging
 + Level 6.7 Stealth
 * Level 0.1 Spellcasting


You couldn't memorise any spells.
You didn't know any spells.
Your spell library was empty.

Dungeon Overview and Level Annotations

Branches:
Dungeon (5/15)             Temple (1/1) D:5

Altars:
Ashenzari
Cheibriados
Fedhas
Gozag
Hepliaklqana
Kikubaaqudgha
Okawaru
Qazlal
Ru
Sif Muna
Uskayaw
Vehumet
Xom
Yredelemnul
The Shining One


Innate Abilities, Weirdness & Mutations

You cannot wear most types of armour.
You are amphibious.
You can wear up to eight rings at the same time.
Your skin changes colour to match your surroundings (Stealth+).
Your rubbery body absorbs attacks. (AC +1, EV +1)
((You are camouflaged when in or above water. (Stealth+)))
You have tentacles for arms and can constrict up to eight enemies at once.


Message History

There is an open gate here.
You see here a scroll labelled FADGHO XEFFIWK.
c - a scroll labelled FADGHO XEFFIWK A hound comes into view.
You see here 17 gold pieces.
You now have 17 gold pieces.
The bombardier beetle sprays incendiary fluid at you.
The burning spray hits you.
You are covered in liquid fire!
You shake off some of the fire as you move.
The liquid fire burns you!
You shake off the liquid fire.
The bombardier beetle waves its antennae.
Found a triangular jasper amulet.
You see here a wand of polymorph (8).
d - a wand of polymorph (8)
You see here an amulet of regeneration.
g - an amulet of regeneration A dart slug comes into view.
The dart slug launches a dart at you. The slug dart hits you.
The dart slug launches a dart at you. The slug dart misses you.
A quokka comes into view.
The dart slug launches a dart at you. The slug dart misses you.
The quokka closely misses you.
You hit the dart slug. You grab the dart slug.
The dart slug is severely wounded.
You constrict the dart slug. The quokka bites you. The dart slug bites you.
The quokka barely misses you.
You slash the dart slug!
You kill the dart slug!
The quokka bites you.
Found a robe.
The quokka barely misses you.
You see here a dart slug corpse.
The quokka bites you.
* * * LOW HITPOINT WARNING * * *
Found 6 stones.
The quokka attacks as it pursues you! The quokka bites you.
You die...

*,* #..B§≈## *#≈~,,,* *
*,***#...≈≈≈## *#§§~,,,* *
*,,,,#≈..≈≈≈≈## *#§≈§§,,~*
*
*****##...≈≈≈≈###≈§§≈.,,**
* ##...≈§≈≈§≈≈≈≈..,** *
##...≈≈≈§≈≈§§.(** *
##..†.§......#* *
##..§......#* *
**##§r@...≈##* *
*,,###+++###,* * *,,*
*,,,* *,* *****
*****,,****,** *,*
*,,,***,,,,,,,,**,****,*
*,,,,,,,,,,,*,,,*,,,,*,*
,,,***+***,,*,*,****,*,*
,,,* *,* *,,,,*,,,**,*,*
,,,***,***,,*****,,,,,,*


You could see a quokka.

Vanquished Creatures
  A dart slug (D:5)
1 creature vanquished.

Notes
Turn   | Place    | Note
-------+----------+-------------------------------------------
     0 | D:5      | Esekla the Octopode Delver began the quest for the Orb.
     0 | D:5      | Reached XP level 1. HP: 16/16 MP: 1/1
    34 | D:5      | Found a staircase to the Ecumenical Temple.
    34 | D:5      | Noticed a bombardier beetle
    73 | D:5      | Noticed a black bear
   110 | Temple   | Entered the Ecumenical Temple
   137 | D:5      | Noticed a bombardier beetle
   141 | D:5      | Noticed a hound
   172 | D:5      | Slain by a quokka

Illustrated notes

Levels and vault maps discovered:
D:5:      layout_loops_ring, trog_butcher_becter, lemuel_doored_altar,
          minmay_temple_entry_gardened_gates, serial_shops,
          nicolae_shop_window_shopping, kennysheep_donut,
          kennysheep_generic_room_2
Temple:   nicolae_temple_superstar

Action                     || total
---------------------------++-------
  Melee: Falchion          ||     2
         Constrict         ||     1
    Use: Scroll            ||     2
 Armour: Skin              ||     6
  Dodge: Dodged            ||     6

Table legend: (Time is in decaauts)
 A = Elapsed time spent in this place.
 B = Non-inter-level travel time spent in this place.
 C = Inter-level travel time spent in this place.
 D = Time resting spent in this place.
 E = Time spent auto-exploring this place.
 F = Levels seen in this place.
 G = Mean time per level.
                   A        B        C        D        E       F      G
               +--------+--------+--------+--------+--------+-----+--------+
         Total |    172 |    172 |      0 |      0 |      0 |   2 |   86.0 |
       Dungeon |    170 |    170 |      0 |      0 |      0 |   1 |  170.0 |
        Temple |      1 |      1 |      0 |      0 |      0 |   1 |    1.0 |
               +--------+--------+--------+--------+--------+-----+--------+

Top non-repeatable levels by time:
     D:5: 170 daAuts
  Temple: 1 daAuts
